BSA
ST CHARLES SHEENS @ SEATTLE PIKES
05/31/2027
 
TOP OF THE 1ST
St Charles Sheens batting - Pitching for Seattle Pikes : LHP Albert Lebel
Pitching: LHP Albert Lebel
Batting: RHB Jesús Hernández 0-0: Ground out 6-3 (Groundball, 6)
Batting: RHB Max Rash 0-0: Called Strike
0-1: Called Strike
0-2: Strikes out swinging
Batting: LHB Larry Howard 0-0: Foul Ball, location: 2F
0-1: Swinging Strike
0-2: Foul Ball, location: 2F
0-2: Strikes out looking
Top of the 1st over - 0 run(s), 0 hit(s), 0 error(s), 0 left on base; St Charles 0 - Seattle 0
BOTTOM OF THE 1ST
Seattle Pikes batting - Pitching for St Charles Sheens : RHP Jesús Andrade
Pitching: RHP Jesús Andrade
Batting: RHB Randy Sheppard 0-0: Ball
1-0: Foul Ball, location: 2F
1-1: Ball
2-1: Called Strike
2-2: SINGLE (Groundball, 6MD)
Batting: RHB Wallace Greene 0-0: Ball
1-0: Ball
2-0: Called Strike
2-1: Foul Ball, location: 2F
2-2: Ground out 5-3 (Groundball, 56S)
Randy Sheppard to second
Batting: RHB António Ortega 0-0: Called Strike
0-1: Foul Ball, location: 2F
0-2: Fly out, F4 (Popup, 3D)
Batting: RHB Manuel Rico 0-0: Ball
1-0: Called Strike
1-1: Ground out 5-3 (Groundball, 56)
Bottom of the 1st over - 0 run(s), 1 hit(s), 0 error(s), 1 left on base; St Charles 0 - Seattle 0
TOP OF THE 2ND
St Charles Sheens batting - Pitching for Seattle Pikes : LHP Albert Lebel
Batting: LHB Stan Bates 0-0: Ball
1-0: Ground out 6-3 (Groundball, 56)
Batting: LHB Bob Ware 0-0: Swinging Strike
0-1: Ball
1-1: Ball
2-1: Ball
3-1: Swinging Strike
3-2: Foul Ball, location: 2F
3-2: Ground out U3 (Groundball, 3S)
Batting: LHB Gene Cooper 0-0: Foul Ball, location: 2F
0-1: Ball
1-1: Ball
2-1: Ground out U3 (Groundball, 34)
Top of the 2nd over - 0 run(s), 0 hit(s), 0 error(s), 0 left on base; St Charles 0 - Seattle 0
BOTTOM OF THE 2ND
Seattle Pikes batting - Pitching for St Charles Sheens : RHP Jesús Andrade
Batting: LHB Keith Tillman 0-0: Ball
1-0: Ball
2-0: Called Strike
2-1: Ball
3-1: Base on Balls
Batting: SHB António Hernández 0-0: Ball
1-0: Ball
2-0: Ball
3-0: Base on Balls
Keith Tillman to second
Batting: RHB Roberto Zamora 0-0: Called Strike
0-1: Ball
1-1: Called Strike
1-2: Fly out, F7 (Flyball, 7)
Batting: RHB Iván Gonzáles 0-0: Called Strike
0-1: Called Strike
0-2: Foul Ball, location: 2F
0-2: Ball
1-2: Hit by Pitch
Keith Tillman to third
António Hernández to second
Batting: LHB Roberto Lozano 0-0: Foul Ball, location: 2F
0-1: Foul Ball, location: 2F
0-2: Ball
1-2: Ball
2-2: Foul Ball, location: 2F
2-2: Strikes out looking
Batting: RHB Randy Sheppard 0-0: Called Strike
0-1: Ball
1-1: Called Strike
1-2: Ball
2-2: Ball
3-2: Foul Ball, location: 2F
3-2: Base on Balls
Keith Tillman scores
António Hernández to third
Iván Gonzáles to second
Batting: RHB Wallace Greene 0-0: Called Strike
0-1: Called Strike
0-2: SINGLE (Groundball, 6) (infield hit)
António Hernández scores
Iván Gonzáles to third
Randy Sheppard to second
Batting: RHB António Ortega 0-0: Swinging Strike
0-1: Foul Ball, location: 2F
0-2: Foul Ball, location: 2F
0-2: GRAND SLAM HOME RUN (Flyball, 7D), Distance : 384 ft
Batting: RHB Manuel Rico 0-0: Ball
1-0: Ball
2-0: Called Strike
2-1: DOUBLE (Line Drive, 5D)
Batting: LHB Keith Tillman 0-0: Ball
1-0: Ground out U3 (Groundball, 3)
Bottom of the 2nd over - 6 run(s), 3 hit(s), 0 error(s), 1 left on base; St Charles 0 - Seattle 6
TOP OF THE 3RD
St Charles Sheens batting - Pitching for Seattle Pikes : LHP Albert Lebel
Batting: RHB Júlio Figueroa 0-0: Swinging Strike
0-1: Ball
1-1: Fly out, F6 (Line Drive, 6)
Batting: RHB Kel Pierce 0-0: Ball
1-0: Ball
2-0: SINGLE (Groundball, 6M) (infield hit)
Batting: RHB Víctor Arredondo 0-0: Ball
1-0: Fielders Choice at 2nd, 5-4 (Groundball, 56)
Batting: RHB Jesús Hernández 0-0: Called Strike
0-1: Ball
1-1: Fly out, F9 (Flyball, 9LMF)
Top of the 3rd over - 0 run(s), 1 hit(s), 0 error(s), 1 left on base; St Charles 0 - Seattle 6
BOTTOM OF THE 3RD
Seattle Pikes batting - Pitching for St Charles Sheens : RHP Jesús Andrade
Batting: SHB António Hernández 0-0: Foul Ball, location: 2F
0-1: Called Strike
0-2: Strikes out swinging
Batting: RHB Roberto Zamora 0-0: Foul Ball, location: 2F
0-1: SINGLE (Groundball, 56D)
Batting: RHB Iván Gonzáles 0-0: Fielders Choice at 2nd, 1-4 (Groundball, 15S)
Batting: LHB Roberto Lozano 0-0: Called Strike
Iván Gonzáles steals 2nd base
0-1: Ball
1-1: Foul Ball, location: 2F
1-2: Foul Ball, location: 2F
1-2: Strikes out swinging
Bottom of the 3rd over - 0 run(s), 1 hit(s), 0 error(s), 1 left on base; St Charles 0 - Seattle 6
TOP OF THE 4TH
St Charles Sheens batting - Pitching for Seattle Pikes : LHP Albert Lebel
Batting: RHB Max Rash 0-0: Ball
1-0: Swinging Strike
1-1: Ball
2-1: SINGLE (Flyball, 89S)
Batting: LHB Larry Howard 0-0: Ball
1-0: SINGLE (Groundball, 6MD)
Max Rash to second
Runner from 2nd tries for 3rd, SAFE, throw made to third
Batting: LHB Stan Bates 0-0: Called Strike
0-1: Ball
1-1: Ball
2-1: Ball
3-1: Foul Ball, location: 2F
3-2: Ground out 5-3 (Groundball, 56S)
Max Rash scores
Larry Howard to second
Batting: LHB Bob Ware 0-0: Foul Ball, location: 2F
0-1: Called Strike
0-2: Ball
1-2: Ball
2-2: Foul Ball, location: 2F
2-2: Ball
3-2: TRIPLE (Flyball, 89XD)
Larry Howard scores
Batting: LHB Gene Cooper 0-0: Foul Ball, location: 2F
0-1: Ball
1-1: Ball
2-1: Called Strike
2-2: Foul Ball, location: 2F
2-2: Foul Ball, location: 2F
2-2: Foul Ball, location: 2F
2-2: Foul Ball, location: 2F
2-2: Ball
3-2: Strikes out swinging
Batting: RHB Júlio Figueroa 0-0: Ball
1-0: Ball
2-0: Called Strike
2-1: Called Strike
2-2: DOUBLE (Line Drive, 8LXD)
Bob Ware scores
Batting: RHB Kel Pierce 0-0: Fly out, F2 (Popup, 25)
Top of the 4th over - 3 run(s), 4 hit(s), 0 error(s), 1 left on base; St Charles 3 - Seattle 6
BOTTOM OF THE 4TH
Seattle Pikes batting - Pitching for St Charles Sheens : RHP Jesús Andrade
Batting: RHB Randy Sheppard 0-0: Fly out, F4 (Line Drive, 4)
Batting: RHB Wallace Greene 0-0: Called Strike
0-1: Swinging Strike
0-2: Strikes out swinging
Batting: RHB António Ortega 0-0: Called Strike
0-1: Ball
1-1: Foul Ball, location: 2F
1-2: Foul Ball, location: 2F
1-2: Ball
2-2: SOLO HOME RUN (Flyball, 8LXD), Distance : 427 ft
Batting: RHB Manuel Rico 0-0: Ball
1-0: Fly out, F8 (Line Drive, 8LS)
Bottom of the 4th over - 1 run(s), 1 hit(s), 0 error(s), 0 left on base; St Charles 3 - Seattle 7
TOP OF THE 5TH
St Charles Sheens batting - Pitching for Seattle Pikes : LHP Albert Lebel
Batting: RHB Víctor Arredondo 0-0: Ball
1-0: Fly out, F9 (Flyball, 9)
Batting: RHB Jesús Hernández 0-0: DOUBLE (Line Drive, 9LM)
Batting: RHB Max Rash 0-0: Ball
1-0: Swinging Strike
1-1: Ground out 5-3 (Groundball, 56)
Batting: LHB Larry Howard 0-0: Called Strike
0-1: SINGLE (Flyball, 78S)
Jesús Hernández to third
Batting: LHB Stan Bates 0-0: Ball
1-0: Called Strike
1-1: Foul Ball, location: 2F
1-2: Strikes out swinging
Top of the 5th over - 0 run(s), 2 hit(s), 0 error(s), 2 left on base; St Charles 3 - Seattle 7
BOTTOM OF THE 5TH
Seattle Pikes batting - Pitching for St Charles Sheens : RHP Jesús Andrade
Batting: LHB Keith Tillman 0-0: Ball
1-0: Foul Ball, location: 2F
1-1: Ball
2-1: Ball
3-1: Foul Ball, location: 2F
3-2: SINGLE (Groundball, 23) (infield hit)
Batting: SHB António Hernández 0-0: Foul Ball, location: 2F
0-1: Called Strike
0-2: Foul Ball, location: 2F
0-2: Foul Ball, location: 2F
0-2: Strikes out looking
Batting: RHB Roberto Zamora 0-0: Called Strike
0-1: Foul Ball, location: 2F
0-2: Strikes out looking
Batting: RHB Iván Gonzáles 0-0: Fielders Choice at 2nd, 5-4 (Groundball, 5L)
Bottom of the 5th over - 0 run(s), 1 hit(s), 0 error(s), 0 left on base; St Charles 3 - Seattle 7
TOP OF THE 6TH
St Charles Sheens batting - Pitching for Seattle Pikes : LHP Albert Lebel
Batting: LHB Bob Ware 0-0: Called Strike
0-1: Ball
1-1: Ball
2-1: Fly out, F8 (Flyball, 8LM)
Batting: LHB Gene Cooper 0-0: Swinging Strike
0-1: Foul Ball, location: 2F
0-2: Ball
1-2: SINGLE (Groundball, 56D)
Pitching: RHP Jesús Suárez
Batting: RHB Júlio Figueroa 0-0: Ball
1-0: Called Strike
1-1: Ball
2-1: SINGLE (Groundball, 6MD)
Gene Cooper to second
Batting: RHB Kel Pierce 0-0: Ball
1-0: Called Strike
1-1: Ball
2-1: TRIPLE (Flyball, 89XD)
Gene Cooper scores
Júlio Figueroa scores
Batting: RHB Víctor Arredondo 0-0: Ball
1-0: Called Strike
1-1: Foul Ball, location: 2F
1-2: Strikes out swinging
Batting: RHB Jesús Hernández 0-0: Called Strike
0-1: Ball
1-1: Ground out 6-3 (Groundball, 6)
Top of the 6th over - 2 run(s), 3 hit(s), 0 error(s), 1 left on base; St Charles 5 - Seattle 7
BOTTOM OF THE 6TH
Seattle Pikes batting - Pitching for St Charles Sheens : RHP Jesús Andrade
Pitching: RHP Augusto Herrera
Batting: LHB Roberto Lozano 0-0: Fly out, F7 (Flyball, 78M)
Batting: RHB Randy Sheppard 0-0: Ball
1-0: Foul Ball, location: 2F
1-1: Ball
2-1: Ball
3-1: Foul Ball, location: 2F
3-2: Foul Ball, location: 2F
3-2: Foul Ball, location: 2F
3-2: Foul Ball, location: 2F
3-2: Foul Ball, location: 2F
3-2: DOUBLE (Line Drive, 7LD)
Batting: RHB Wallace Greene 0-0: Called Strike
0-1: Ball
Randy Sheppard steals 3rd base
1-1: Called Strike
1-2: Strikes out swinging
Batting: RHB António Ortega 0-0: Ball
1-0: Ball
2-0: Called Strike
2-1: Ball
3-1: Base on Balls
Batting: RHB Manuel Rico 0-0: Ball
1-0: Ball
2-0: Ball
3-0: Called Strike
3-1: Base on Balls
António Ortega to second
Batting: LHB Keith Tillman 0-0: Called Strike
0-1: Ball
1-1: Ball
2-1: Ball
3-1: Base on Balls
Randy Sheppard scores
António Ortega to third
Manuel Rico to second
Batting: SHB António Hernández 0-0: Ball
1-0: Called Strike
1-1: Fielders Choice at 2nd, 6-4 (Groundball, 6)
Bottom of the 6th over - 1 run(s), 1 hit(s), 0 error(s), 2 left on base; St Charles 5 - Seattle 8
TOP OF THE 7TH
St Charles Sheens batting - Pitching for Seattle Pikes : RHP Jesús Suárez
Batting: RHB Max Rash 0-0: Called Strike
0-1: Foul Ball, location: 2F
0-2: Ball
1-2: Ball
2-2: Foul Ball, location: 2F
2-2: Strikes out looking
Batting: LHB Larry Howard 0-0: Called Strike
0-1: Swinging Strike
0-2: Foul Ball, location: 2F
0-2: Ball
1-2: Foul Ball, location: 2F
1-2: Ball
2-2: Foul Ball, location: 2F
2-2: Fly out, F7 (Flyball, 7S)
Batting: LHB Stan Bates 0-0: Swinging Strike
0-1: Ball
1-1: Ball
2-1: Called Strike
2-2: Fly out, F8 (Flyball, 8RM)
Top of the 7th over - 0 run(s), 0 hit(s), 0 error(s), 0 left on base; St Charles 5 - Seattle 8
BOTTOM OF THE 7TH
Seattle Pikes batting - Pitching for St Charles Sheens : RHP Augusto Herrera
Batting: RHB Roberto Zamora 0-0: Foul Ball, location: 2F
0-1: Ball
1-1: Ball
2-1: Ball
3-1: Base on Balls
Pitching: LHP Ron Cummins
Batting: RHB Iván Gonzáles 0-0: Sac Bunt - play at first, batter OUT! 1-3
Roberto Zamora to second
Batting: LHB Roberto Lozano 0-0: Ground out U3 (Groundball, 3)
Roberto Zamora to third
Batting: RHB Randy Sheppard 0-0: Ball
1-0: Called Strike
1-1: Swinging Strike
1-2: Ball
2-2: Strikes out swinging
Bottom of the 7th over - 0 run(s), 0 hit(s), 0 error(s), 1 left on base; St Charles 5 - Seattle 8
TOP OF THE 8TH
St Charles Sheens batting - Pitching for Seattle Pikes : RHP Jesús Suárez
Batting: LHB Bob Ware 0-0: Ball
1-0: Foul Ball, location: 2F
1-1: Ball
2-1: Ground out 3-1 (Groundball, 34)
Batting: LHB Gene Cooper 0-0: Ball
1-0: Ball
2-0: Ball
3-0: Called Strike
3-1: Fly out, F8 (Line Drive, 8RD)
Batting: RHB Júlio Figueroa 0-0: Swinging Strike
0-1: Swinging Strike
0-2: Ball
1-2: Strikes out swinging
Top of the 8th over - 0 run(s), 0 hit(s), 0 error(s), 0 left on base; St Charles 5 - Seattle 8
BOTTOM OF THE 8TH
Seattle Pikes batting - Pitching for St Charles Sheens : LHP Ron Cummins
Batting: RHB Wallace Greene 0-0: Called Strike
0-1: Called Strike
0-2: Ball
1-2: Ball
2-2: Ball
3-2: SINGLE (Flyball, 56D)
Batting: RHB António Ortega 0-0: Ball
Wallace Greene steals 2nd base
1-0: Ball
2-0: Ball
3-0: Called Strike
3-1: Base on Balls
Batting: RHB Manuel Rico 0-0: Ball
1-0: Foul Ball, location: 2F
1-1: Ball
2-1: Ball
3-1: Called Strike
3-2: Base on Balls
Wallace Greene to third
António Ortega to second
Pinch Hitting: RHB Tae-kwon Kwon 0-0: Foul Ball, location: 2F
0-1: Ball
1-1: Ball
2-1: Grounds into fielders choice 4-2 (Groundball, 4)
António Ortega to third
Manuel Rico to second
Batting: SHB António Hernández 0-0: Ball
1-0: Ball
2-0: Ball
3-0: Called Strike
3-1: Base on Balls
António Ortega scores
Manuel Rico to third
Tae-kwon Kwon to second
Batting: RHB Roberto Zamora 0-0: Called Strike
0-1: Called Strike
0-2: Strikes out swinging
Batting: RHB Iván Gonzáles 0-0: Ball
1-0: Swinging Strike
1-1: Fielders Choice at 2nd, 4-6 (Groundball, 4)
Bottom of the 8th over - 1 run(s), 1 hit(s), 0 error(s), 2 left on base; St Charles 5 - Seattle 9
TOP OF THE 9TH
St Charles Sheens batting - Pitching for Seattle Pikes : RHP Jesús Suárez
Now at SS: Eugene Gill
Batting: RHB Kel Pierce 0-0: Ball
1-0: Foul Ball, location: 2F
1-1: Swinging Strike
1-2: Fly out, F6 (Popup, 6D)
Batting: RHB Víctor Arredondo 0-0: Called Strike
0-1: Ball
1-1: Ground out 5-3 (Groundball, 56)
Batting: RHB Jesús Hernández 0-0: Fly out, F7 (Flyball, 7)
Top of the 9th over - 0 run(s), 0 hit(s), 0 error(s), 0 left on base; St Charles 5 - Seattle 9
Thursday, March 30th, 2017 - OOTP Baseball 17.12 Build 75